 Dungeon Crawl Stone Soup version 0.28.0-53-g5a82cb258f (webtiles) character file.

Game seed: 8838310924188068645

100677 jjjjhere the Brawler (level 16, 0/155 HPs)
             Began as a Ghoul Fighter on Sept 2, 2022.
             Was the Champion of Wu Jian.
             Slain by a spriggan rider
             ... wielding a +0 spear
              (18 damage)
             ... on level 2 of the Swamp.
             The game lasted 00:37:02 (29240 turns).

jjjjhere the Brawler (Ghoul Fighter)               Turns: 29240, Time: 00:37:03

Health: 0/155      AC: 26    Str: 26    XL:     16   Next: 28%
Magic:  15/15      EV: 10    Int:  5    God:    Wu Jian [******]
Gold:   2194       SH:  4    Dex:  8    Spells: 15/15 levels left

rFire   . . .      SeeInvis .     - Unarmed
rCold   + . .      Faith    .   b - +0 buckler
rNeg    + + +      Spirit   .   I - +0 plate armour
rPois   ∞          Reflect  .   V - +2 helmet
rElec   .          Harm     .   R - +1 cloak
rCorr   .          Rampage  .   (no gloves)
Will    ++...                   G - +1 pair of boots
Stlth   ..........              W - amulet of magic regeneration
HPRegen 0.00/turn               t - ring of willpower
MPRegen 0.54/turn               K - +4 ring of slaying

@: inhibited regen, hasted, studying Armour, very quick
A: claws 1, cold resistance 1, negative energy resistance 3, inhibited
regeneration, torment resistance 2
a: Renounce Religion, Wall Jump, Serpent's Lash, Heavenly Storm


You were on level 2 of the Swamp.
You worshipped Wu Jian.
Wu Jian was exalted by your worship.
You visited 4 branches of the dungeon, and saw 21 of its levels.
You also visited: Ossuary.

You collected 2484 gold pieces.
You spent 290 gold pieces at shops.

Inventory:

Missiles
 d - 9 boomerangs
 e - 26 poisoned darts
 J - 3 curare-tipped darts (quivered)
 U - 2 throwing nets
Armour
 b - a +0 buckler (worn)
 G - a +1 pair of boots (worn)
 I - a +0 plate armour (worn)
 R - a +1 cloak (worn)
 V - a +2 helmet (worn)
Jewellery
 a - a ring of fire
 j - a +4 ring of evasion
 o - a +6 ring of intelligence
 t - a ring of willpower (left claw)
 A - a ring of flight
 C - a ring of see invisible
 H - a +4 ring of protection
 K - a +4 ring of slaying (right claw)
 T - a +6 ring of strength
 W - an amulet of magic regeneration (around neck)
Wands
 x - a wand of flame (41)
 B - a wand of charming (3)
 D - a wand of iceblast (5)
 S - a wand of mindburst (7)
Scrolls
 f - 13 scrolls of teleportation
 i - 7 scrolls of vulnerability
 k - 4 scrolls of noise
 q - 2 scrolls of fear
 u - 6 scrolls of enchant weapon
 v - 2 scrolls of enchant armour
 y - 4 scrolls of magic mapping
 E - 3 scrolls of amnesia
 P - 3 scrolls of fog
 Q - a scroll of immolation
Potions
 g - 4 potions of flight
 h - 6 potions of brilliance
 p - 4 potions of resistance
 r - 4 potions of haste
 s - 5 potions of might
 w - a potion of ambrosia
 z - 5 potions of curing
 F - 2 potions of attraction
 L - a potion of magic
 M - a potion of invisibility
 Y - a potion of cancellation
Miscellaneous
 c - a phantom mirror
 X - a lightning rod (4/4)


   Skills:
 - Level 17.0 Fighting
 + Level 15.6 Armour
 + Level 11.3 Dodging
 - Level 5.1 Shields
 + Level 17.8 Unarmed Combat


You had 15 spell levels left.
You didn't know any spells.
Your spell library contained the following spells:

 Spells                   Type           Power      Damage    Failure   Level
 Animate Skeleton         Necr           0%         N/A       99%         1
 Apportation              Tloc           0%         N/A       99%         1
 Freeze                   Ice            0%         1d3       99%         1
 Pain                     Necr           0%         1d4       99%         1
 Shock                    Conj/Air       0%         1d3       99%         1
 Summon Small Mammal      Summ           0%         N/A       99%         1
 Blink                    Tloc           0%         N/A       100%        2
 Ensorcelled Hibernation  Hex/Ice        0%         N/A       100%        2
 Passwall                 Tmut/Erth      0%         N/A       100%        2
 Scorch                   Fire           0%         2d5       100%        2
 Static Discharge         Conj/Air       0%         N/A       100%        2
 Frozen Ramparts          Ice            0%         1d2       100%        3
 Gell's Gravitas          Tloc           0%         N/A       100%        3
 Lesser Beckoning         Tloc           0%         N/A       100%        3
 Swiftness                Air            0%         N/A       100%        3
 Teleport Other           Tloc           0%         N/A       100%        3
 Vampiric Draining        Necr           0%         2d6       100%        3
 Airstrike                Air            0%         N/A       100%        4
 Anguish                  Hex/Necr       0%         N/A       100%        4
 Animate Dead             Necr           0%         N/A       100%        4
 Cause Fear               Hex            0%         N/A       100%        4
 Flame Wave               Conj/Fire      0%         2d4       100%        4
 Hailstorm                Conj/Ice       0%         3d3       100%        4
 Iskenderun's Mystic Bla  Conj/Tloc      0%         2d3       100%        4
 Passage of Golubria      Tloc           0%         N/A       100%        4
 Summon Lightning Spire   Summ/Air       0%         N/A       100%        4
 Borgnjor's Vile Clutch   Necr/Erth      0%         N/A       100%        5
 Lightning Bolt           Conj/Air       0%         1d11      100%        5
 Manifold Assault         Tloc           0%         N/A       100%        5
 Death Channel            Necr           0%         N/A       100%        6
 Simulacrum               Ice/Necr       0%         N/A       100%        6
 Summon Cactus Giant      Summ           0%         N/A       100%        6
 Summon Hydra             Summ           0%         N/A       100%        7
 Maxwell's Capacitive Co  Air            0%         ∞         100%        8
 Dragon's Call            Summ           0%         N/A       100%        9
 Sublimation of Blood     Necr           Unusable   N/A       N/A         2
 Wereblood                Tmut           Unusable   N/A       N/A         2
 Spider Form              Tmut/Pois      Unusable   N/A       N/A         3
 Dragon Form              Tmut           Unusable   N/A       N/A         7

Dungeon Overview and Level Annotations

Branches:
Dungeon (11/15) Temple (0/1) D:7 Lair (6/6) D:8 Swamp (2/4) Lair:4 Snake (0/4) Lair:4 Slime (0/5) Lair:5 Orc (2/2) D:11 Elf (0/3) Orc:1 Orc:2 Ossuary (visited)

Altars:
Gozag
Kikubaaqudgha
Makhleb
Nemelex Xobeh
Okawaru
Sif Muna
Trog
Vehumet
Wu Jian
Xom
Zin
Jiyva

Shops:
D:1 *   D:6 ?   D:9 [   Orc:2 ?(**

Annotations:
D:4 1 runed translucent door, Crazy Yiuf
D:5 3 runed translucent doors, macfelon's ghost, novice HuCj
Lair:5 1 runed translucent door


Innate Abilities, Weirdness & Mutations

You thrive by killing the living.
You are immune to poison.
You have sharp fingernails.
Your flesh is cold resistant. (rC+)
You are immune to negative energy. (rN+++)
You do not regenerate when monsters are visible.
You are immune to unholy pain and torment.


Message History

You feel yourself speed up.
The alligator bites you but does no damage.
The alligator tail-slaps you but does no damage.
The spriggan rider closely misses you.
You barely miss the alligator. The alligator bites you!
* * * LOW HITPOINT WARNING * * *
The alligator tail-slaps you but does no damage.
You mangle the alligator!!
The alligator is moderately wounded.
The spriggan rider hits you but does no damage.
You closely miss the alligator.
The alligator is moderately wounded.
The alligator barely misses you.
The alligator tail-slaps you but does no damage.
You mangle the alligator!!
The alligator is severely wounded.
The alligator bites you but does no damage.
The alligator barely misses you.
The spriggan rider hits you from afar with a +0 spear.
* * * LOW HITPOINT WARNING * * *
You completely miss the alligator.
The alligator is severely wounded.
You mangle the alligator!!
You kill the alligator!
The Council accepts your kill.
You feel better.
The spriggan rider hits you but does no damage.
You enter the shallow water.
Moving in this stuff is going to be slow.
You lunge at the spriggan rider, in a flurry of attacks.
You closely miss the spriggan rider. You eviscerate the spriggan rider!!!
The spriggan rider is severely wounded.
The spriggan rider hits you with a +0 spear!
* * * LOW HITPOINT WARNING * * *
You closely miss the spriggan rider.
The spriggan rider is severely wounded.
You scratch the spriggan rider.
The spriggan rider is severely wounded.
The spriggan rider hits you with a +0 spear!!
You die...

♣.♣ ♣♣♣..≈.≈♣
♣<♣ ♣.♣
♣♣♣≈.≈♣ ♣♣.♣
≈♣. ♣♣..♣♣
♣.♣♣♣ ≈≈♣♣
♣♣≈≈♣ ♣.♣≈♣♣
≈♣. ♣≈≈♣♣
♣♣..≈≈♣ ♣≈≈♣
♣.≈†♣♣♣≈...♣♣
.≈.♣
♣♣.≈w♣♣≈♣♣♣♣
♣.D♣i≈♣♣
♣≈≈≈@.♣
♣♣.≈.♣♣ ♣..♣♣
≈♣≈≈ ♣.♣♣
≈≈≈. ♣♣.♣
≈≈≈. ♣..♣
♣≈≈. ♣♣..♣
≈.≈>♣♣ ♣≈≈.♣
≈.≈..♣ ♣♣≈.♣


You could see a four-headed hydra, a spriggan rider and a swamp worm.

Vanquished Creatures
  Rupert (Lair:6)
  Kirke (Lair:5)
  Nessos (Lair:6)
  2 eleionomae (Swamp:2)
  3 bunyips
  A fire dragon (Lair:6)
  An ettin (Orc:1)
  6 hydras
  2 ghost crabs
  4 boulder beetles
  3 anacondas (Lair:4)
  2 spriggan air magi (Swamp:1)
  2 catoblepae (Lair:6)
  2 alligators
  9 death yaks
  Erica (D:9)
  3 two-headed ogres
  Urug (Lair:2)
  Nergalle (Lair:2)
  3 orc high priests
  8 spriggans
  3 goliath frogs (Swamp:1)
  3 spriggan druids
  2 lindwurms
  2 bog bodies (Lair:4)
  3 swamp dragons
  4 orc knights
  5 orc sorcerers
  A manticore (D:10)
  An ugly thing (D:11)
  3 cyclopes (D:11)
  22 elephants
  11 black mambas
  2 torpor snails
  9 rime drakes
  16 cane toads
  7 komodo dragons
  5 trolls
  8 hornets
  4 tyrant leeches (Swamp:1)
  4 polar bears
  15 dream sheep
  22 blink frogs
  2 shadows
  Sigmund (D:5)
  48 yaks
  3 wyverns
  A human (D:11)
  Grum (D:9)
  3 steam dragons
  8 basilisks
  2 vampire mosquitoes (Swamp:2)
  7 wargs
  6 swamp worms
  5 acid dragons
  38 water moccasins
  A black bear (D:6)
  15 orc warriors
  2 swamp drakes
  3 ogres
  2 ice beasts
  5 necrophages (Lair:2)
  30 wolves
  2 centaurs
  A phantom (D:6)
  17 bullfrogs
  Blork the orc (D:5)
  An elf zombie (Ossuary)
  A kobold brigand (D:7)
  A gnoll sergeant (D:8)
  2 scorpions
  A wyvern skeleton (D:6)
  4 killer bees (D:9)
  4 wights (D:8)
  2 howler monkeys
  7 centaur zombies
  An electric eel (Lair:5)
  3 jellies
  2 human zombies (Ossuary)
  9 orc priests
  A bullfrog skeleton (D:4)
  2 gnoll shamans
  2 hounds
  7 iguanas
  23 orc wizards
  A hound zombie (Ossuary)
  4 mummies (Ossuary)
  11 gnolls
  8 adders
  A white imp (D:6)
  2 ufetubi
  3 adder zombies (Ossuary)
  A worm (D:5)
  4 dart slugs
  47 orcs
  7 endoplasms
  6 giant cockroaches
  5 goblins
  6 hobgoblins
  3 jackals (D:1)
  8 kobolds
  9 ball pythons
  7 bats
  2 frilled lizards (D:1)
  A goblin zombie (Ossuary)
  A hobgoblin zombie (Ossuary)
  A jackal zombie (Ossuary)
  An orc zombie (Ossuary)
  10 rats
  A rat zombie (Ossuary)
636 creatures vanquished.

Vanquished Creatures (others)
  A bloated husk (Swamp:1)
  4 humans (Lair:6)
  An orc priest (Orc:2)
  44 fungi
  66 plants
  3 withered plants (D:2)
119 creatures vanquished.

Grand Total: 755 creatures vanquished

Notes
Turn   | Place    | Note
-------+----------+-------------------------------------------
     0 | D:1      | jjjjhere the Ghoul Fighter began the quest for the Orb.
     0 | D:1      | Reached XP level 1. HP: 19/19 MP: 0/0
   185 | D:1      | Reached XP level 2. HP: 26/26 MP: 1/1
   188 | D:1      | Got the Guide on the Frostbite and Displacement
   473 | D:1      | Reached XP level 3. HP: 27/33 MP: 2/2
   606 | D:1      | Found Kiros's General Store.
   614 | D:1      | Bought a scroll of identify for 28 gold pieces
   942 | D:2      | Reached XP level 4. HP: 40/40 MP: 3/3
  1133 | D:2      | Found a faded altar of an unknown god.
  1157 | D:2      | Prayed at the altar of an unknown god.
  1157 | D:2      | Became a worshipper of the Wu Jian Council
  1157 | D:2      | Reached * piety under Wu Jian
  1710 | D:3      | Reached XP level 5. HP: 41/47 MP: 4/4
  1863 | D:3      | Reached skill level 5 in Unarmed Combat
  2335 | D:4      | Reached ** piety under Wu Jian
  2372 | D:4      | Noticed a two-headed ogre
  2491 | D:1      | Bought 2 throwing nets for 84 gold pieces
  2655 | D:4      | Noticed a hornet
  2671 | D:4      | HP: 9/47 [hornet (8)]
  2672 | D:4      | HP: 4/47 [hornet (5)]
  2677 | D:4      | Killed a hornet
  2678 | D:4      | Reached XP level 6. HP: 10/57 MP: 5/5
  2961 | D:4      | Reached XP level 7. HP: 61/63 MP: 6/6
  3077 | D:4      | Killed a two-headed ogre
  3078 | D:4      | Reached XP level 8. HP: 61/74 MP: 7/7
  3160 | D:4      | Found a runed translucent door.
  3161 | D:4      | Noticed Crazy Yiuf
  3186 | D:5      | Entered Level 5 of the Dungeon
  3186 | D:5      | Noticed macfelon's ghost (novice HuCj)
  3186 | D:5      | Found a runed translucent gate.
  3186 | D:5      | Found a runed translucent gate.
  3186 | D:5      | Found a runed translucent gate.
  3238 | D:5      | Noticed Blork the orc
  3244 | D:5      | Killed Blork the orc
  3272 | D:5      | Noticed Sigmund
  3672 | D:5      | Found a shimmering altar of Xom.
  3856 | D:5      | Identified the +9 trident of Baus {elec, rPois rN+}
  4150 | D:5      | Killed Sigmund
  4256 | D:5      | Reached skill level 10 in Unarmed Combat
  4526 | D:6      | Reached skill level 10 in Fighting
  4526 | D:6      | Reached XP level 9. HP: 82/85 MP: 8/8
  4544 | D:6      | Found Qeuntuh's Magic Scroll Shoppe.
  4559 | D:6      | Bought a scroll of identify for 28 gold pieces
  4559 | D:6      | Bought a scroll of identify for 28 gold pieces
  4839 | D:6      | HP: 24/89 [yak (8)]
  5456 | D:6      | Found a burning altar of Makhleb.
  5654 | D:7      | Found a staircase to the Ecumenical Temple.
  5705 | D:7      | Reached *** piety under Wu Jian
  5901 | D:7      | Found a sand-covered staircase.
  5907 | Ossuary  | Entered an ossuary
  5982 | Ossuary  | HP: 29/90 [elf zombie (2)]
  5984 | Ossuary  | Reached XP level 10. HP: 32/97 MP: 9/9
  6632 | D:7      | Found a shimmering blue altar of Sif Muna.
  6910 | D:8      | Noticed a two-headed ogre
  6916 | D:8      | Killed a two-headed ogre
  7915 | D:8      | Found a staircase to the Lair.
  8002 | D:8      | Found a sparkling altar of Nemelex Xobeh.
  8128 | D:8      | Found an ancient bone altar of Kikubaaqudgha.
  8144 | D:8      | You are sucked into a shaft and drop 1 floor!
  8144 | D:9      | Found a radiant altar of Vehumet.
  8193 | D:9      | Reached **** piety under Wu Jian
  8465 | D:9      | Noticed Erica
  8497 | D:9      | Killed Erica
  8548 | D:9      | Found an opulent altar of Gozag.
  8587 | D:9      | Reached skill level 5 in Armour
  8701 | D:9      | Found an iron altar of Okawaru.
  8714 | D:9      | Reached skill level 5 in Shields
  8752 | D:9      | Noticed Grum
  8755 | D:9      | Killed Grum
  8820 | D:9      | Found Paostral's Armour Shoppe.
  8952 | D:9      | Reached XP level 11. HP: 111/111 MP: 10/10
  9247 | D:10     | Entered Level 10 of the Dungeon
  9485 | D:10     | Found a bloodstained altar of Trog.
  9628 | D:10     | Noticed a manticore
  9639 | D:10     | HP: 34/111 [manticore (4)]
  9640 | D:10     | Killed a manticore
 10131 | D:11     | Noticed a cyclops
 10138 | D:11     | Killed a cyclops
 10139 | D:11     | Reached skill level 15 in Fighting
 10275 | D:11     | Noticed a cyclops
 10276 | D:11     | Found a staircase to the Orcish Mines.
 10294 | D:11     | Killed a cyclops
 10307 | D:11     | Noticed a two-headed ogre
 10344 | D:11     | Killed a two-headed ogre
 10560 | D:11     | Noticed a cyclops
 10561 | D:11     | Noticed a green ugly thing
 10577 | D:11     | Killed a green ugly thing
 10582 | D:11     | Killed a cyclops
 11109 | Lair:1   | Entered Level 1 of the Lair of Beasts
 11532 | Lair:1   | Reached XP level 12. HP: 122/122 MP: 11/11
 11573 | Lair:1   | HP: 30/122 [cane toad (16)]
 12080 | Lair:1   | Noticed an eight-headed hydra
 12087 | Lair:1   | Killed an eight-headed hydra
 12287 | Lair:1   | Noticed an eight-headed hydra
 12299 | Lair:1   | HP: 40/124 [eight-headed hydra (8)]
 12301 | Lair:1   | HP: 18/124 [eight-headed hydra (10)]
 12302 | Lair:1   | Killed an eight-headed hydra
 13118 | Lair:1   | Reached ***** piety under Wu Jian
 13133 | Lair:1   | Reached skill level 1 in Dodging
 13225 | Lair:1   | Reached skill level 10 in Armour
 13239 | Lair:1   | Found the +8 whip "Snakebite" {venom, curare, rPois}
 13436 | Lair:2   | Noticed a death yak
 13436 | Lair:2   | Noticed a death yak
 13436 | Lair:2   | Noticed a death yak
 13436 | Lair:2   | Noticed a death yak
 13471 | Lair:1   | Killed a death yak
 13472 | Lair:1   | HP: 41/125 [death yak (11)]
 13475 | Lair:1   | Killed a death yak
 13764 | Lair:1   | HP: 37/125 [wolf (5)]
 13780 | Lair:1   | HP: 27/125 [wolf (6)]
 13787 | Lair:1   | HP: 17/125 [wolf (3)]
 13867 | Lair:1   | HP: 38/125 [wolf (1)]
 14223 | Lair:1   | Killed a death yak
 14234 | Lair:1   | Killed a death yak
 14235 | Lair:1   | Reached XP level 13. HP: 63/132 MP: 12/12
 14978 | Lair:2   | Noticed Urug
 14993 | Lair:2   | Killed Urug
 15265 | Lair:2   | Noticed Nergalle
 15271 | Lair:2   | Killed Nergalle
 15568 | Lair:3   | Reached skill level 5 in Dodging
 16108 | Lair:3   | Found a bloodstained altar of Trog.
 17048 | Lair:4   | Found a staircase to the Snake Pit.
 17095 | Lair:4   | Found a staircase to the Swamp.
 17308 | Lair:4   | Reached XP level 14. HP: 140/140 MP: 13/13
 17815 | Lair:4   | Reached skill level 15 in Unarmed Combat
 18847 | Lair:5   | Found a runed translucent door.
 18855 | Lair:5   | Found a viscous altar of Jiyva.
 18857 | Lair:5   | Found a staircase to the Slime Pits.
 20369 | Lair:6   | Entered Level 6 of the Lair of Beasts
 20651 | Lair:6   | Noticed Nessos
 20659 | Lair:6   | HP: 40/140 [Nessos/arrow (15)]
 21004 | Lair:6   | Noticed Kirke
 21019 | Lair:5   | Killed Kirke
 21051 | Lair:6   | Noticed Rupert
 21067 | Lair:6   | Killed Rupert
 21598 | Lair:6   | Reached XP level 15. HP: 133/147 MP: 14/14
 21929 | Lair:6   | Killed Nessos
 22470 | Lair:6   | Identified the +4 glaive "Roask" {vorpal, rF- rN++ Dex+4}
 22608 | Lair:6   | Reached ****** piety under Wu Jian
 23819 | Lair:6   | Reached skill level 10 in Dodging
 24289 | Orc:1    | Entered Level 1 of the Orcish Mines
 24403 | Orc:2    | Entered Level 2 of the Orcish Mines
 24403 | Orc:2    | Found a staircase to the Elven Halls.
 26287 | Orc:2    | Found Doas's General Store.
 26287 | Orc:2    | Found Moadad's General Store.
 26290 | Orc:2    | Found Kyplist's Magic Scroll Shop.
 26320 | Orc:2    | Found Fuepy's Antique Weapon Shop.
 26333 | Orc:2    | Bought a scroll of identify for 32 gold pieces
 26334 | Orc:2    | Identified a scroll of acquirement
 26338 | Orc:2    | Bought 2 scrolls of teleportation for 90 gold pieces
 26342 | Orc:2    | Acquired 727 gold pieces
 26612 | Swamp:1  | Entered Level 1 of the Swamp
 27348 | Swamp:1  | Reached XP level 16. HP: 146/155 MP: 15/15
 27444 | Swamp:1  | Reached skill level 15 in Armour
 29214 | Swamp:2  | HP: 50/155 [four-headed hydra[a spriggan druid] (19)]
 29214 | Swamp:2  | HP: 21/155 [four-headed hydra[a spriggan druid] (15)]
 29225 | Swamp:2  | HP: 11/155 [alligator[a spriggan druid] (8)]
 29232 | Swamp:2  | HP: 20/155 [spriggan rider/+0 spear (3)]
 29238 | Swamp:2  | HP: 18/155 [spriggan rider/+0 spear (9)]
 29240 | Swamp:2  | Slain by a spriggan rider

Illustrated notes

Levels and vault maps discovered:
D:1:      dpeg_arrival_snail, layout_loops_ring, serial_shops, shop
D:2:      kennysheep_big_flooded_room, layout_loops_ring,
          shapermc_ecumenical_altar_flowoftime, minmay_misc_feat_four_crosses,
          serial_park_tiny_pond, moated_statue, minmay_split_cup_small
D:3:      layout_loops_cross, kennysheep_path_1, kennysheep_potato
D:4:      layout_basic, minmay_manual_monolith, uniq_crazy_yiuf_cottage
D:5:      layout_loops_ring, lemuel_crystal_altar,
          gammafunk_ghost_nasty_kobolds, minmay_misc_feat_chi,
          kennysheep_generic_room_7, uniq_sigmund, uniq_blork_the_orc
D:6:      layout_basic, lemuel_crystal_altar, serial_shops, nicolae_diamond_shop
D:7:      layout_basic, general_overflow_altar,
          minmay_temple_entry_stoned_glass, enter_ossuary_2,
          roderic_serpentine_path
D:8:      layout_rooms, kiku_gazebo_garden_becter, nemelex_altar_shiori,
          lair_entry_dummy
D:9:      layout_loops_ring, nicolae_overflow_crystal_walls,
          nicolae_gozag_seed_capital, old_standard_altar, serial_shops,
          nicolae_shop_statue_plus, hangedman_decor_points, uniq_erica,
          uniq_grum
D:10:     layout_cave_pools, lemuel_crystal_altar,
          hangedman_decor_diamond_cutter
D:11:     layout_basic, erik_orc_4, zin_statuary
Lair:1:   minmay_guarded_unrand_snakebite, layout_cave_pods, beast_lair_carwin_8
Lair:2:   layout_roguey, roderic_carrion_pond, uniq_urug, uniq_nergalle
Lair:3:   layout_cave_pods, basic_altar, grunt_megastairs_5
Lair:4:   beast_lair_carwin_large_3, layout_loops_ring,
          skrybe_swamp_entry_bodies, dummy_snake_entry
Lair:5:   layout_cave_pods, slime_altar_2, portal_ice_cave_rime, st_stairs_3,
          beast_lair_carwin_3, lemuel_fruit_tree, infiniplex_staircase_pool
Lair:6:   guppyfry_lair_end_dragon, layout_loops_ring, hangedman_lair_in_review,
          chequers_serial_rivers_micro_d, uniq_rupert, uniq_nessos, uniq_kirke
Swamp:1:  layout_basic_swamp, hangedman_swamp_cone
Swamp:2:  layout_falls_marsh, nicolae_swamp_triple_paths, swamp_pool1
Orc:1:    layout_caves, abandoned_shop, uniq_fannar, uniq_jorgrun
Orc:2:    st_orc_elflike, layout_diamond_mine, nooodl_orcs_dogs

Skill      XL: |  1  2  3  4  5  6  7  8  9 10 11 12 13 14 15 16 |
---------------+-------------------------------------------------+-----
Unarmed Combat | 3 4 6 8 10 12 13 14 16 17 | 17.8
Fighting       | 4 6 8 10 12 14 16 17 | 17.0
Armour         | 5 8 10 11 13 14 15 | 15.6
Shields        | 5 |  5.1
Dodging        | 3 6 9 10 11 | 11.3

Action                   |  1- 3 |  4- 6 |  7- 9 | 10-12 | 13-15 | 16-18 || total
-------------------------+-------+-------+-------+-------+-------+-------++-------
Melee: Unarmed           |   105 |   132 |   243 |   587 |  1318 |   174 ||  2559
Throw: Throwing net      |       |       |     2 |       |       |       ||     2
       Dart              |       |       |       |     9 |     5 |       ||    14
Invok: Whirlwind         |       |    14 |    30 |    30 |    96 |     8 ||   178
       Lunge             |       |     8 |    13 |    28 |    63 |     4 ||   116
       Serpent's Lash    |       |       |       |     1 |       |       ||     1
       Heavenly Storm    |       |       |       |     1 |       |       ||     1
 Abil: Wall Jump         |       |       |       |     1 |     1 |       ||     2
Evoke: Wand              |       |       |       |     1 |     7 |       ||     8
       Lightning rod     |       |       |       |       |     4 |       ||     4
  Use: Scroll            |     2 |     2 |     2 |     9 |    18 |     2 ||    35
       Potion            |       |     1 |       |       |       |     3 ||     4
 Stab: Held in net/web   |       |       |     3 |       |       |       ||     3
       Petrified         |       |       |       |       |     9 |       ||     9
       Distracted        |       |       |       |       |     1 |       ||     1
Armor: Scale mail        |    40 |    31 |    38 |    53 |       |       ||   162
       Plate armour      |       |       |       |   205 |   662 |    74 ||   941
Dodge: Dodged            |    57 |    76 |    90 |   313 |   611 |    50 ||  1197
Block: Buckler           |    15 |    23 |    24 |   110 |   221 |    27 ||   420
